[Event "*** Titled Tuesday Blitz"]
[Site "Chess.com"]
[Date "2020.05.12"]
[Round "6"]
[White "Riptide27"]
[Black "VladDobrov"]
[Result "0-1"]
[WhiteElo "2588"]
[BlackElo "2768"]
[TimeControl "180+1"]
[EndTime "11:06:04 PDT"]
[Termination "VladDobrov won by resignation"]

1. d4 Nf6 2. c4 e6 3. Nc3 Bb4 4. e3 d5 5. Bd2 O-O 6. Nf3 a6 7. cxd5 exd5 8. Rc1 Bd6 9. Bd3 Re8 10. O-O Nbd7 11.
Qc2 Nf8 12. Rfe1 Bg4 13. Ne2 Ng6 14. Ng3 Qd7 15. Bf5 Bxf5 16. Qxf5 Qb5 17. Bc3 Ne4 18.
Nd2 Nxd2 19. Bxd2 Qxb2 20. Rc2 Qb5 21. Qg4 Rad8 22. Nf5 Qd7 23. h4 Re4 24. Qh3 h5 25. f3 Re6 26. e4 dxe4 27. fxe4 c6 28. Qf3 Bf8 29. Qxh5 Rde8 30. Qf3 Ne7 31. Bc3 Nxf5 32. Qxf5 g6 33. Qf3 Bg7 34. Rd2 Rd6 35. e5 Bxe5 36.
Qe4 Bxd4+ 0-1

[Event "*** Titled Tuesday Blitz"]
[Site "Chess.com"]
[Date "2020.05.12"]
[Round "6"]
[White "ChronicUnhappiness"]
[Black "SophieNikoladze"]
[Result "0-1"]
[WhiteElo "2315"]
[BlackElo "2145"]
[TimeControl "180+1"]
[EndTime "11:06:04 PDT"]
[Termination "SophieNikoladze won on time"]

1. c4 Nf6 2. Nf3 e6 3. Nc3 d5 4. e3 Be7 5. b3 O-O 6. Bb2 b6 7. cxd5 exd5 8. Be2 c5 9. d4 Bb7 10. O-O Nc6 11. Ne5 Rc8 12. Bf3 cxd4 13. exd4 Bb4 14.
Qd3 Re8 15. Rfe1 Ne7 16. a3 Bxc3 17. Bxc3 a5 18. Bd2 h6 19. Bf4 Nc6 20. Nxc6 Bxc6 21. Be5 Ne4 22. Bxe4 dxe4 23. Qg3 f6 24. Bf4 Bd5 25.
Bxh6 Qc7 26. Bf4 Qc3 27. Qg4 Qxb3 28. Re3 Qb2 29. Rae1 Qxd4 30. h4 Be6 31. Qg6 Bf7 32. Qg3 f5 33. Qg5 Rc5 34. Rg3 Kf8 35. h5 b5 36. h6 g6 37. h7 Kg7 38. Rh3 Kh8 39.
Rh6 Qg7 40. Re3 b4 41. axb4 axb4 42. Bd6 Rc6 43. Qf4 b3 44. Rhh3 Rc1+ 0-1

[Event "*** Titled Tuesday Blitz"]
[Site "Chess.com"]
[Date "2020.05.12"]
[Round "6"]
[White "Zakaryan_David"]
[Black "SergeiAza"]
[Result "1-0"]
[WhiteElo "2517"]
[BlackElo "2733"]
[TimeControl "180+1"]
[EndTime "11:06:05 PDT"]
[Termination "Zakaryan_David won on time"]

1. e4 c5 2. Nc3 Nc6 3. Nge2 Nf6 4. d4 cxd4 5. Nxd4 e6 6. Nxc6 bxc6 7. e5 Nd5 8. Ne4 Qc7 9. f4 Bb7 10. c4 Bb4+ 11. Kf2 Qb6+ 12. Kf3 f5 13. Ng3 Ne7 14. Be3 c5+ 15. Kf2 Qc7 16. Be2 O-O-O 17. a3 Ba5 18. b4 Bb6 19. Qb3 d6 20. exd6 Rxd6 21. Rab1 Rhd8 22. Rhc1 Ng6 23. bxc5 Bxc5 24. Bxc5 Qxc5+ 25. Qe3 Qxe3+ 26. Kxe3 Bxg2 27. c5 Rd4 28. c6 Ra4 29. c7 1-0

[Event "*** Titled Tuesday Blitz"]
[Site "Chess.com"]
[Date "2020.05.12"]
[Round "6"]
[White "Vuk2000"]
[Black "Godzillator"]
[Result "1-0"]
[WhiteElo "2630"]
[BlackElo "2458"]
[TimeControl "180+1"]
[EndTime "11:06:05 PDT"]
[Termination "Vuk2000 won by resignation"]

1. d4 d5 2. Bf4 c5 3. e3 cxd4 4.
exd4 Nc6 5. c3 Nf6 6. Nf3 Bg4 7. Nbd2 e6 8. Bb5 a6 9. Bxc6+ bxc6 10. Qa4 Qb6 11. Ne5 Rc8 12. Nxg4 Nxg4 13. O-O Be7 14. c4 O-O 15. Nb3 dxc4 16. Qxc4 c5 17. Rac1 e5 18. dxe5 Rfd8 19. Rfd1 Rxd1+ 20. Rxd1 h5 21. h3 Nh6 22. Rd7 Nf5 23. Bg5 Re8 24. Bxe7 Rxe7 25. Rxe7 Nxe7 26.
Qxc5 Qe6 27. Qd6 Ng6 28. Qxe6 fxe6 29. Nc5 Nxe5 30. Nxa6 Kf7 31. Kf1 Ke7 32. Ke2 Kd6 33.
Nb4 Nc4 34. Nd3 e5 35. b3 Na3 36. Ke3 Kd5 37. Nb4+ Kc5 38. Nd3+ Kd5 39. Kd2 Kd4 40. Ne1 e4 41. Nc2+ Nxc2 42. Kxc2 g5 43. Kd2 1-0

[Event "*** Titled Tuesday Blitz"]
[Site "Chess.com"]
[Date "2020.05.12"]
[Round "6"]
[White "tsvet2005"]
[Black "hongnhung1234"]
[Result "1-0"]
[WhiteElo "2486"]
[BlackElo "2253"]
[TimeControl "180+1"]
[EndTime "11:06:05 PDT"]
[Termination "tsvet2005 won on time"]

1. d4 f5 2. c4 Nf6 3. Nf3 g6 4. g3 Bg7 5. b4 O-O 6. Bb2 d6 7.
Nbd2 c6 8. Bg2 a5 9. a3 Na6 10.
Qb3 Kh8 11. O-O Ne4 12. Nxe4 fxe4 13. Nd2 d5 14. b5 Nc7 15. b6 Ne6 16. e3 a4 17. Qb4 Qe8 18. Rac1 g5 19. Nb1 Qh5 20. cxd5 cxd5 21. Nc3 Rf6 22. Nxd5 Rh6 23. h3 g4 24. h4 Qxd5 25. Qxe7 Bf8 26. Qe8 Qd8 27. d5+ Kg8 28. Qb5 Ng7 29. Rc7 Ra6 30. d6 Rxd6 31. Rfc1 Raxb6 32. Qe5 Rd1+ 33. Kh2 Rxb2 34. Rxd1 Rd2 35. Qb2 1-0

[Event "*** Titled Tuesday Blitz"]
[Site "Chess.com"]
[Date "2020.05.12"]
[Round "6"]
[White "Firehand33"]
[Black "Kimster98"]
[Result "1-0"]
[WhiteElo "2735"]
[BlackElo "2567"]
[TimeControl "180+1"]
[EndTime "11:06:06 PDT"]
[Termination "Firehand33 won by resignation"]

1. g3 d5 2. Bg2 Nf6 3. Nf3 g6 4. b3 Bg7 5. Bb2 O-O 6. O-O c6 7. c4 Bg4 8. d3 Nbd7 9. Nbd2 Re8 10. h3 Bxf3 11. Nxf3 e5 12. e3 e4 13. dxe4 dxc4 14.
e5 Ne4 15. bxc4 Nxe5 16. Bxe5 Bxe5 17. Qxd8 Raxd8 18. Rab1 Nc5 19. Nxe5 Rxe5 20. Rfd1 Ree8 21. Kf1 Kf8 22. Ke2 Ke7 23. Rd4 Rd6 24. Kd2 Red8 25. Kc3 b6 26. Rbd1 Ne6 27. Rxd6 Rxd6 28. Rxd6 Kxd6 29.
h4 h6 30. f4 f6 31. e4 g5 32. e5+ fxe5 33. fxg5 hxg5 34. h5 Nd8 35. h6 Nf7 36.
h7 b5 37. cxb5 cxb5 38. Kb4 a6 39. Bb7 Kc7 40. Bxa6 e4 41. Bxb5 Kd8 42. Bc4 Ke7 43.
Be6 1-0

[Event "*** Titled Tuesday Blitz"]
[Site "Chess.com"]
[Date "2020.05.12"]
[Round "6"]
[White "GMKrikor"]
[Black "axvesik"]
[Result "1-0"]
[WhiteElo "2813"]
[BlackElo "2511"]
[TimeControl "180+1"]
[EndTime "11:06:06 PDT"]
[Termination "GMKrikor won by resignation"]

1. Nf3 Nf6 2. c4 e6 3. Nc3 d5 4.
e3 a6 5. b3 Be7 6. Bb2 O-O 7.
g3 c5 8. cxd5 exd5 9. d4 Nc6 10.
Bg2 cxd4 11. Nxd4 Bg4 12. Qd2 Rc8 13. O-O Qd7 14. Nxc6 bxc6 15. Na4 Qe6 16. f3 Bh3 17. Rfe1 Bxg2 18. Kxg2 c5 19. Rac1 Rfd8 20. Qe2 h6 21. Rc2 Bf8 22. Rd2 c4 23. Bd4 Qc6 24. Rc2 Qb5 25.
Nc3 Qb7 26. Bxf6 gxf6 27. Rd1 Bc5 28. Rcd2 Bb4 29. Nxd5 Bxd2 30. e4 Ba5 31. bxc4 Qc6 32. Ne7+ 1-0

[Event "*** Titled Tuesday Blitz"]
[Site "Chess.com"]
[Date "2020.05.12"]
[Round "6"]
[White "guillembaches"]
[Black "talaicito"]
[Result "1-0"]
[WhiteElo "2415"]
[BlackElo "2242"]
[TimeControl "180+1"]
[EndTime "11:06:06 PDT"]
[Termination "guillembaches won on time"]

1. e4 e6 2. Nf3 d5 3. exd5 exd5 4.
d4 Bd6 5. c4 dxc4 6. Bxc4 Nf6 7. Nc3 O-O 8. O-O Bf5 9. Ne5 Nbd7 10. Re1 Nb6 11. Bb3 a5 12. Qf3 a4 13. Bxf7+ Rxf7 14. Nxf7 Kxf7 15. Qxf5 Kg8 16. Bg5 a3 17. b3 Qd7 18.
Qxd7 Nbxd7 19. Ne4 Nxe4 20. Rxe4 Kf7 21. Rae1 Nf6 22.
Bxf6 Kxf6 23. g3 Ra6 24. Rc1 Kf5 25. Re3 Ra5 26. Kf1 g5 27. Ke2 h5 28. h3 g4 29.
hxg4+ hxg4 30. Kd3 Ra8 31. Rh1 Rg8 32. Re4 Rg5 33. Rh8 Kf6 34. Rh6+ Kg7 35. Rh4 Rf5 36. Rhxg4+ Kf7 37. f4 Rb5 38. Rg5 Rxg5 39. fxg5 Kg6 40. g4 Kxg5 41. d5 Bf4 42. Kc4 Kxg4 43. b4 Kf5 44. Re6 Bd6 45. Re3 Kf4 46. Rxa3 b6 47. Rd3 Ke4 48. a4 Ke5 49. a5 bxa5 50. bxa5 1-0

[Event "*** Titled Tuesday Blitz"]
[Site "Chess.com"]
[Date "2020.05.12"]
[Round "6"]
[White "Isajevsky_Anton"]
[Black "lamomiablanca"]
[Result "1-0"]
[WhiteElo "2388"]
[BlackElo "2171"]
[TimeControl "180+1"]
[EndTime "11:06:06 PDT"]
[Termination "Isajevsky_Anton won by checkmate"]

1. c4 c5 2. Nc3 Nc6 3. Nf3 g6 4.
e3 Bg7 5. d4 d6 6. d5 Ne5 7. Nxe5 Bxe5 8. e4 Bg7 9. Bd3 Nf6 10.
O-O O-O 11. Rb1 Nd7 12. Re1 Ne5 13. Bf1 b6 14. a3 Ba6 15. Nb5 Qd7 16. b3 Bxb5 17.
cxb5 Qd8 18. f4 Nd7 19. Bc4 Qb8 20. a4 h5 21. h3 Bc3 22. Bd2 Bg7 23. Qf3 Qd8 24.
g4 hxg4 25. hxg4 f6 26. Kg2 Kf7 27. Rh1 Rh8 28. Rxh8 Qxh8 29. Rh1 Qd8 30. e5 dxe5 31. d6+ Ke8 32. Qd5 Nf8 33. Qf7+ Kd7 34. Qxg7 Kxd6 35.
fxe5+ Kxe5 36. Bc3+ Kf4 37. Qh6+ g5 38. Qh2+ Kxg4 39.
Qh3+ Kf4 40. Rf1+ Ke4 41. Qf3# 1-0

[Event "*** Titled Tuesday Blitz"]
[Site "Chess.com"]
[Date "2020.05.12"]
[Round "6"]
[White "FMJoseHerrera"]
[Black "Shield12"]
[Result "1-0"]
[WhiteElo "2646"]
[BlackElo "2796"]
[TimeControl "180+1"]
[EndTime "11:06:07 PDT"]
[Termination "FMJoseHerrera won by resignation"]

1. Nf3 Nf6 2. g3 b6 3. Bg2 Bb7 4. d3 e6 5. O-O d5 6. b3 c5 7.
e3 Nc6 8. Bb2 Bd6 9. c4 O-O 10.
Nbd2 Qe7 11. a3 Rac8 12. Qc2 Rfd8 13. Rac1 h6 14. Qb1 a6 15. cxd5 Nxd5 16. Qa1 Qf8 17.
Nc4 Bc7 18. Rfd1 Nde7 19. d4 cxd4 20. Nxd4 Nxd4 21. Bxd4 Bxg2 22. Kxg2 b5 23. Nb6 Bxb6 24. Bxb6 Rxd1 25. Rxd1 Nd5 26. Bd4 f6 27. b4 Qf7 28.
e4 Ne7 29. e5 f5 30. Rc1 Qe8 31. Bc5 Nd5 32. Bd6 f4 33. Rc5 Rxc5 34. bxc5 Qc6 35.
Kg1 a5 36. Qc1 fxg3 37. hxg3 b4 38. axb4 axb4 39. Qc4 Kf7 40. Kh2 Ke8 41. Qg4 Kf7 42.
Qh5+ Kg8 43. Qg6 Qd7 44. c6 Qxc6 45. Qxe6+ Kh8 46. Qf7 b3 47. Bf8 1-0

[Event "*** Titled Tuesday Blitz"]
[Site "Chess.com"]
[Date "2020.05.12"]
[Round "6"]
[White "harvsp123"]
[Black "JonahWillow"]
[Result "1-0"]
[WhiteElo "2541"]
[BlackElo "2681"]
[TimeControl "180+1"]
[EndTime "11:06:08 PDT"]
[Termination "harvsp123 won by resignation"]

1. d4 Nf6 2. c4 c5 3. d5 d6 4.
Nc3 e6 5. g3 exd5 6. cxd5 g6 7.
Bg2 Bg7 8. Nf3 O-O 9. O-O a6 10.
a4 Nbd7 11. Bf4 Qc7 12. Qd2 Re8 13. Bh6 Bh8 14. Rfe1 Rb8 15. Qf4 b5 16. axb5 axb5 17. e4 Ne5 18. Nxe5 Rxe5 19. Bf1 b4 20. Nb5 Qe7 21. Ra7 Bd7 22. Bg5 h6 23. Bxf6 Bxf6 24. Rxd7 Qxd7 25. Qxf6 Rxb5 26. Bxb5 Qxb5 27. Qxd6 Re8 28.
e5 c4 29. e6 c3 30. bxc3 bxc3 31. Qc7 fxe6 32. dxe6 Qf5 33. Qd7 Rf8 34. Re2 c2 35. Qc6 Rf6 36. Qc8+ Kg7 37. Qc7+ Kg8 38. e7 Re6 39.
e8=Q+ Rxe8 40. Rxe8+ 1-0

[Event "*** Titled Tuesday Blitz"]
[Site "Chess.com"]
[Date "2020.05.12"]
[Round "6"]
[White "scabies1"]
[Black "Aureliano-Buendia"]
[Result "1/2-1/2"]
[WhiteElo "2252"]
[BlackElo "2401"]
[TimeControl "180+1"]
[EndTime "11:06:08 PDT"]
[Termination "Game drawn by repetition"]

1. e4 e5 2. Nf3 Nc6 3. Bb5 Nf6 4. d3 Bc5 5. O-O Nd4 6. Nxd4 Bxd4 7. c3 Bb6 8. a4 c6 9. Bc4 O-O 10. Bg5 h6 11. Bh4 d6 12. Nd2 g5 13. Bg3 Bg4 14.
Qc2 Nh5 15. b4 Kg7 16. a5 Bc7 17. Rae1 f5 18. f3 Nxg3 19. hxg3 Bh5 20. exf5 d5 21. Ba2 Qd6 22. Nb3 e4 23. f4 exd3 24. Qxd3 Bg4 25. Nd4 Rae8 26. Ne6+ Rxe6 27. fxe6 Bxe6 28. f5 Bd7 29.
Bb1 Rf6 30. Re3 b6 31. Rfe1 Bd8 32. Re6 Bxe6 33. fxe6 Rxe6 34. Qh7+ Kf8 35. Qh8+ Kf7 36. Qh7+ Kf8 37. Qh8+ Kf7 38. Qh7+ Kf8 1/2-1/2

[Event "*** Titled Tuesday Blitz"]
[Site "Chess.com"]
[Date "2020.05.12"]
[Round "6"]
[White "Tsyhanchuk_Stanislav"]
[Black "Perecke"]
[Result "0-1"]
[WhiteElo "2516"]
[BlackElo "2206"]
[TimeControl "180+1"]
[EndTime "11:06:08 PDT"]
[Termination "Perecke won by resignation"]

1. d4 d5 2. c4 e6 3. Nc3 Nf6 4. cxd5 exd5 5. Bg5 Be7 6. e3 O-O 7. Bd3 Re8 8. Qc2 h6 9. Bh4 c5 10. dxc5 d4 11. Nd1 dxe3 12. Nxe3 Qa5+ 13. Qd2 Qxc5 14. Ne2 Ne4 15. Bxe4 Bxh4 16. Rc1 Qe5 17. Bf3 Rd8 18. Qc3 Nd7 19. O-O Qxc3 20. Nxc3 Ne5 21. Be4 Be6 22. g3 Bf6 23. f4 Nd3 24. Bxd3 Rxd3 25. Ng2 Rd2 26. f5 Bc4 27. Rf4 Ba6 28. Na4 b6 29. Ne3 Bd4 30. Re1 Re8 31. Rf3 Re2 32. Rxe2 Bxe2 33. Rf4 Bxe3+ 0-1

[Event "*** Titled Tuesday Blitz"]
[Site "Chess.com"]
[Date "2020.05.12"]
[Round "6"]
[White "2346PL"]
[Black "kinga2008"]
[Result "1-0"]
[WhiteElo "2464"]
[BlackElo "2223"]
[TimeControl "180+1"]
[EndTime "11:06:09 PDT"]
[Termination "2346PL won by resignation"]

1. d4 g6 2. e4 Bg7 3. Nc3 d6 4. Bg5 c5 5. dxc5 Qa5 6. Ne2 Qxc5 7. Be3 Qb4 8. Rb1 Nf6 9. f3 O-O 10. Qd2 Nc6 11. a3 Qa5 12. g4 Ne5 13. Nd4 Nfd7 14.
Be2 Nc6 15. O-O Nxd4 16. Bxd4 Ne5 17. h3 Kh8 18. b4 Qc7 19. Nd5 Qd8 20. f4 Nc6 21. Bxg7+ Kxg7 22. c4 e6 23. Qc3+ e5 24.
Rbd1 f5 25. b5 Nd4 26. Rxd4 exd4 27. Qxd4+ Kg8 28. exf5 gxf5 29. g5 Be6 30. Bf3 Rf7 31. Nf6+ Kf8 32. Re1 Re7 33. Bxb7 Rxb7 34. Rxe6 Qb6 35.
Qf2 Qxf2+ 36. Kxf2 Rc8 37. Rxd6 Rxc4 38. Rd8+ Ke7 39. Re8+ Kf7 40. Rh8 Rxf4+ 41. Kg3 Kg7 42. Rxh7+ Kg6 43. Rxb7 Kxg5 44. Nh7+ 1-0

[Event "*** Titled Tuesday Blitz"]
[Site "Chess.com"]
[Date "2020.05.12"]
[Round "6"]
[White "Denis_Palkovich"]
[Black "ZEN-22"]
[Result "1-0"]
[WhiteElo "2294"]
[BlackElo "2420"]
[TimeControl "180+1"]
[EndTime "11:06:09 PDT"]
[Termination "Denis_Palkovich won by resignation"]

1. d4 d6 2. Bf4 Nf6 3. e3 Nbd7 4.
Nf3 h6 5. h3 g6 6. Be2 Bg7 7.
O-O O-O 8. c4 e5 9. dxe5 Nh5 10.
Bh2 dxe5 11. Nc3 Re8 12. Qc2 c6 13. Rad1 Qa5 14. a3 Nhf6 15. Rd2 e4 16. Nd4 Ne5 17. Rfd1 Nd3 18. Bxd3 exd3 19. Qxd3 c5 20. Ndb5 Bf5 21. Qe2 Ne4 22. Nxe4 Bxe4 23. Nc7 Kh7 24. Nxa8 Rxa8 25. Qg4 Bf5 26. Qf3 Qa6 27. Qd5 Be6 28. Qxc5 Bxc4 29.
Be5 Bf8 30. Qc7 Bb3 31. Rd8 Rxd8 32. Rxd8 Bg7 33. Rd7 Qe2 34. Rxf7 1-0

[Event "*** Titled Tuesday Blitz"]
[Site "Chess.com"]
[Date "2020.05.12"]
[Round "6"]
[White "Kate1606"]
[Black "Bubachess1608"]
[Result "1/2-1/2"]
[WhiteElo "2077"]
[BlackElo "2304"]
[TimeControl "180+1"]
[EndTime "11:06:10 PDT"]
[Termination "Game drawn by agreement"]

1. e4 c5 2. a3 d5 3. exd5 Qxd5 4. Nf3 Nf6 5. Nc3 Qd8 6. Be2 Bg4 7. O-O e6 8. h3 Bh5 9. d3 Be7 10. Ne4 O-O 11. Nxf6+ Bxf6 12. c3 Nc6 13. Be3 Qe7 14.
Qc2 Rfd8 15. b4 cxb4 16. axb4 b6 17. Rfd1 Rac8 18. Qb3 Bg6 19. d4 Be4 20. Nh2 Bg5 21. Bxg5 Qxg5 22. Bf3 Bxf3 23. Nxf3 Qb5 24. Re1 a5 25.
Ne5 Qd5 26. Qxd5 Rxd5 27. Nxc6 Rxc6 28. bxa5 bxa5 29. Reb1 g6 30. Rb3 e5 31. dxe5 Rxe5 32. Rba3 Re2 33. Rxa5 Rxc3 34. R5a2 Rxa2 35. Rxa2 Kg7 36. h4 h5 37. g3 Rc4 38. Kg2 Rb4 1/2-1/2

[Event "*** Titled Tuesday Blitz"]
[Site "Chess.com"]
[Date "2020.05.12"]
[Round "6"]
[White "agrigo3"]
[Black "today_good_day"]
[Result "1-0"]
[WhiteElo "2276"]
[BlackElo "2086"]
[TimeControl "180+1"]
[EndTime "11:06:10 PDT"]
[Termination "agrigo3 won on time"]

1. Nf3 Nf6 2. g3 g6 3. Bg2 Bg7 4. O-O O-O 5. d3 d6 6. e4 c5 7. a4 Nc6 8. Na3 a6 9. Nc4 b6 10. c3 Rb8 11. e5 dxe5 12. Nfxe5 Nxe5 13. Nxe5 Bb7 14. Nc6 Bxc6 15. Bxc6 Qd6 16. Bg2 Rbd8 17. Bf4 Qxd3 18. Bc7 Qxd1 19. Rfxd1 Rxd1+ 20. Rxd1 b5 21. a5 Rc8 22. Bb6 e6 23. Bb7 Rb8 24. Rd8+ Rxd8 25.
Bxd8 Nd5 26. Bxa6 b4 27. cxb4 Nxb4 28. Bc4 Bxb2 29. a6 Nc6 30. Bb6 Kf8 31. Bxc5+ Ke8 32. a7 Nxa7 33. Bxa7 Kd7 34. h4 Kd6 35. Be3 Ke5 36.
Kg2 Ke4 37. Bb5 f5 38. Be8 e5 39. Bf7 1-0

[Event "*** Titled Tuesday Blitz"]
[Site "Chess.com"]
[Date "2020.05.12"]
[Round "6"]
[White "Richarzard69"]
[Black "Grandmaster2B"]
[Result "1-0"]
[WhiteElo "2289"]
[BlackElo "2475"]
[TimeControl "180+1"]
[EndTime "11:06:11 PDT"]
[Termination "Richarzard69 won by resignation"]

1. Nf3 c5 2. c4 Nc6 3. Nc3 Nf6 4. g3 g6 5. Bg2 Bg7 6. d4 cxd4 7. Nxd4 O-O 8. O-O a6 9. b3 Ne4 10. Nxe4 Nxd4 11.
Rb1 f5 12. Ng5 h6 13. Nf3 Nxf3+ 14. Bxf3 Qc7 15. Bb2 Rb8 16. Bxg7 Kxg7 17. Qd2 b5 18. Rbc1 Qe5 19. c5 Rd8 20. Rfd1 Bb7 21. Bxb7 Rxb7 22.
c6 Rc7 23. cxd7 Rcxd7 24. Qxd7 Rxd7 25. Rxd7 Qxe2 26. Rcc7 Qxa2 27. Rxe7+ Kf6 28. f4 Qb1+ 29. Kg2 Qb2+ 30. Kh3 Qxb3 31. Red7 Ke6 32. Re7+ Kd6 33. Red7+ Ke6 34. Re7+ Kf6 35. Red7 Qb4 36. Rc6+ 1-0

[Event "*** Titled Tuesday Blitz"]
[Site "Chess.com"]
[Date "2020.05.12"]
[Round "6"]
[White "Susal_De_Silva"]
[Black "AquivaRubinstein"]
[Result "1-0"]
[WhiteElo "2267"]
[BlackElo "2408"]
[TimeControl "180+1"]
[EndTime "11:06:11 PDT"]
[Termination "Susal_De_Silva won by checkmate"]

1. e4 g6 2. d4 Bg7 3. Nc3 d6 4. h4 Nf6 5. f3 Nbd7 6. Be3 c5 7. d5 a6 8. a4 Qb6 9. Rb1 Qc7 10. Qd2 Rb8 11. g4 Ne5 12. h5 O-O 13. Bh6 Bxh6 14. Qxh6 c4 15. Be2 b5 16. Nh3 b4 17. Nd1 b3 18. c3 e6 19. Ng5 exd5 20. exd5 Re8 21. Kf1 Nd3 22. hxg6 fxg6 23. Nf2 Qe7 24. Bxd3 cxd3 25.
Kg2 d2 26. Rbd1 Nxd5 27. Nxh7 Ne3+ 28. Kg3 Nxd1 29. Qxg6+ Qg7 30. Nf6+ Kf8 31. Qxe8# 1-0

[Event "*** Titled Tuesday Blitz"]
[Site "Chess.com"]
[Date "2020.05.12"]
[Round "6"]
[White "Soltan49"]
[Black "Stronger1799"]
[Result "1-0"]
[WhiteElo "2457"]
[BlackElo "2282"]
[TimeControl "180+1"]
[EndTime "11:06:11 PDT"]
[Termination "Soltan49 won by resignation"]

1. e4 c5 2. Nf3 e6 3. d4 cxd4 4. Nxd4 Nf6 5. Nc3 d6 6. Bg5 Be7 7. f4 h6 8. Bxf6 Bxf6 9. Qd2 Nc6 10. Nb3 a5 11. Bb5 O-O 12. O-O-O Qb6 13. a4 Rd8 14.
Kb1 Bd7 15. g4 Nb4 16. Qxd6 Qxd6 17. Rxd6 Bxb5 18. Nxb5 g5 19. f5 Be5 20. Rb6 Rac8 21.
c3 Nd3 22. fxe6 fxe6 23. Rxe6 Rc6 24. Rxc6 bxc6 25. N5d4 c5 26. Nc6 Re8 27. Nxe5 Rxe5 28. Rd1 c4 29. Nd2 Nc5 30. Nxc4 Rxe4 31. Nxa5 Rxa4 32. b4 Ne4 33. Kb2 Nf2 34. Rf1 Ne4 35.
Kb3 Nd2+ 36. Kxa4 Nxf1 37. b5 Ne3 38. b6 Nc4 39. Nxc4 1-0

[Event "*** Titled Tuesday Blitz"]
[Site "Chess.com"]
[Date "2020.05.12"]
[Round "6"]
[White "Alexander_Zubov"]
[Black "maciek_92"]
[Result "1-0"]
[WhiteElo "2846"]
[BlackElo "2643"]
[TimeControl "180+1"]
[EndTime "11:06:12 PDT"]
[Termination "Alexander_Zubov won on time"]

1. d4 Nf6 2. Nf3 e6 3. c4 b6 4. a3 Bb7 5. Nc3 d5 6. Bg5 Nbd7 7. cxd5 exd5 8. e3 a6 9. Be2 Bd6 10. O-O O-O 11. Rc1 Re8 12. Qc2 h6 13. Bh4 c5 14.
dxc5 bxc5 15. Rfd1 Qc7 16. Qf5 g6 17. Qb1 g5 18.
Bg3 Bxg3 19. hxg3 a5 20. Qf5 Qb6 21. Bb5 Qe6 22. Qc2 Red8 23. Na4 Rac8 24. Qc3 g4 25.
Nd2 d4 26. exd4 Qd5 27. Bf1 cxd4 28. Qb3 Rxc1 29. Rxc1 Ne5 30. Rc5 Qxb3 31. Nxb3 Nfd7 32. Rxa5 d3 33. Nd2 Bc6 34. Nc3 Rb8 35. b4 f5 36. Nd5 1-0

[Event "*** Titled Tuesday Blitz"]
[Site "Chess.com"]
[Date "2020.05.12"]
[Round "6"]
[White "Shushik"]
[Black "dennisodessa"]
[Result "0-1"]
[WhiteElo "2087"]
[BlackElo "2319"]
[TimeControl "180+1"]
[EndTime "11:06:12 PDT"]
[Termination "dennisodessa won by resignation"]

1. e4 e6 2. d4 d5 3. Nd2 Be7 4. Ngf3 Nf6 5. e5 Nfd7 6. Bd3 c5 7.
c3 Nc6 8. O-O f6 9. exf6 Nxf6 10.
Re1 O-O 11. Qc2 Bd7 12. Ng5 h6 13. Nxe6 Bxe6 14. Rxe6 cxd4 15. Nf3 Rc8 16. Bb5 dxc3 17. bxc3 Ne4 18. Rg6 Rf6 19. Rxf6 Bxf6 20. Qb3 Nxc3 21. Bb2 Nxb5 22. Qxb5 Bxb2 23. Qxb2 Qd7 24. Rd1 d4 25. h3 Rd8 26. Rd3 Kh8 27. Qb3 b6 28. Qd1 Qd5 29. a3 b5 30. Kh1 a5 31. Nh4 b4 32. axb4 axb4 33. Ng6+ Kh7 34. Nf4 Qf5 35. Qf3 Ne5 36.
Qe2 Nxd3 37. Nxd3 b3 38. Nc1 Qc2 39. Qe1 b2 0-1

[Event "*** Titled Tuesday Blitz"]
[Site "Chess.com"]
[Date "2020.05.12"]
[Round "6"]
[White "floplover"]
[Black "Michaelson_11"]
[Result "1-0"]
[WhiteElo "2237"]
[BlackElo "2001"]
[TimeControl "180+1"]
[EndTime "11:06:12 PDT"]
[Termination "floplover won by checkmate"]

1. d4 Nf6 2. c4 e6 3. Nc3 Bb4 4. Qc2 d5 5. cxd5 exd5 6. Bg5 h6 7.
Bxf6 Qxf6 8. a3 Bxc3+ 9. Qxc3 c6 10. e3 O-O 11. Ne2 Bf5 12. Nf4 Nd7 13. Bd3 Rfe8 14. O-O Rad8 15. b4 Nf8 16. a4 g5 17. Nh5 Qg6 18.
Bxf5 Qxf5 19. Ng3 Qg6 20. b5 Rc8 21. bxc6 bxc6 22. Rab1 Ne6 23. Qa5 Rb8 24. Rxb8 Rxb8 25. Qxa7 Rb1 26. Qa8+ Kg7 27. Nh5+ Kh7 28. Nf6+ Qxf6 29.
Rxb1 Qf5 30. Rf1 Qc2 31. a5 Qa2 32. a6 Nc7 33. Qb7 Nxa6 34. Qxf7+ Kh8 35. Qf6+ Kh7 36.
f4 gxf4 37. Qxf4 Nb4 38. Qf7+ Kh8 39. Qf8+ Kh7 40. Rf7+ Kg6 41. Qg7+ Kh5 42. Rf5+ Kh4 43. Qg3# 1-0

[Event "*** Titled Tuesday Blitz"]
[Site "Chess.com"]
[Date "2020.05.12"]
[Round "6"]
[White "AleksanderHnydiuk"]
[Black "Olga_Girya"]
[Result "1-0"]
[WhiteElo "2584"]
[BlackElo "2432"]
[TimeControl "180+1"]
[EndTime "11:06:13 PDT"]
[Termination "AleksanderHnydiuk won on time"]

1. Nf3 d5 2. d4 Nf6 3. c4 e6 4. g3 Bb4+ 5. Bd2 Be7 6. Bg2 O-O 7. O-O Nbd7 8. Qc2 c6 9. Bf4 b6 10. Rd1 Ba6 11. cxd5 cxd5 12. Ne5 Rc8 13. Nc6 Nh5 14. Bc1 Nb8 15. Nxe7+ Qxe7 16. Nc3 Nc6 17. Qd2 f5 18. b3 Rfd8 19. a4 Nf6 20. Ba3 Qf7 21. Rac1 h6 22.
f3 g5 23. Nb5 Bxb5 24. axb5 Na5 25. Qd3 Qd7 26. Bb2 Kf7 27. e4 g4 28. exf5 exf5 29. fxg4 fxg4 30. Rf1 Kg7 31. Rxc8 Rxc8 32. Bc1 Re8 33. Bxh6+ 1-0

[Event "*** Titled Tuesday Blitz"]
[Site "Chess.com"]
[Date "2020.05.12"]
[Round "6"]
[White "TheSodabread"]
[Black "RamonManon0g"]
[Result "1/2-1/2"]
[WhiteElo "1977"]
[BlackElo "2211"]
[TimeControl "180+1"]
[EndTime "11:06:14 PDT"]
[Termination "Game drawn by repetition"]

1. d4 Nf6 2. Nc3 d5 3. Bf4 e6 4. e3 Bb4 5. Ne2 O-O 6. a3 Bd6 7. Bxd6 Qxd6 8. Nf4 c6 9. Bd3 e5 10. dxe5 Qxe5 11. O-O Bg4 12. Be2 Bf5 13. Bd3 Ne4 14.
Nxe4 dxe4 15. Be2 Qxb2 16. Rb1 Qxa3 17. Rxb7 Na6 18. Bg4 Nc5 19. Rc7 Rad8 20. Qe2 Bxg4 21. Qxg4 Rd6 22. h4 Ne6 23. Re7 Nxf4 24. Qxf4 f5 25. Qe5 Rg6 26. h5 Rg5 27. Rd1 h6 28. Qe6+ Kh7 29. Rf7 Rg8 30. Rdd7 Qa1+ 31. Kh2 Rxh5+ 32.
Kg3 Rg5+ 33. Kf4 Qh1 34. Rxg7+ R8xg7 35. Rxg7+ Rxg7 36. Qxf5+ Kh8 37. Qf8+ Kh7 38. Qf5+ Kg8 39. Qc8+ Kf7 40. Qd7+ Kf8 41. Qd8+ Kf7 42. Qd7+ Kg8 43.
Qc8+ Kh7 44. Qf5+ 1/2-1/2

[Event "*** Titled Tuesday Blitz"]
[Site "Chess.com"]
[Date "2020.05.12"]
[Round "6"]
[White "Sergey85Rodchenkov"]
[Black "Alexander_Donchenko"]
[Result "1-0"]
[WhiteElo "2512"]
[BlackElo "2714"]
[TimeControl "180+1"]
[EndTime "11:06:15 PDT"]
[Termination "Sergey85Rodchenkov won by resignation"]

1. e4 g6 2. d4 Bg7 3. Nc3 d6 4. Be3 a6 5. h4 h5 6. Qd2 b5 7. f3 Nd7 8. Nh3 c5 9. Ng5 cxd4 10. Bxd4 Ngf6 11. a4 b4 12. Nd5 a5 13. Bb5 O-O 14.
g4 Nxd5 15. Bxg7 Kxg7 16. exd5 Nf6 17. Bc6 Rb8 18. gxh5 Nxh5 19. O-O-O Bf5 20. Rhg1 Qb6 21. Rge1 e5 22. dxe6 Qxc6 23. exf7 Rbc8 24. Re2 Nf6 25. h5 Bxc2 26. Qxc2 Qb7 27. Rxd6 Rxc2+ 28. Rxc2 Rc8 29.
h6+ Kxh6 30. Rxf6 Rxc2+ 31. Kxc2 Qc8+ 32. Kb3 Qd8 33. f8=Q+ 1-0